 Dungeon Crawl Stone Soup version 0.18-a0-1121-gb454403 (webtiles) character file.

205 Krauser the Skirmisher (level 5, -1/47 HPs)
             Began as a Mummy Fighter on Jan 19, 2016.
             Slain by an iguana (8 damage)
             ... on level 4 of the Dungeon.
             The game lasted 00:09:49 (3607 turns).

Krauser the Skirmisher (Mummy Fighter)              Turns: 3607, Time: 00:09:50

Health: -1/47      AC:  8    Str: 20    XL:     5   Next: 52%
Magic:  5/5        EV:  7    Int:  7    God:
Gold:   182        SH:  9    Dex: 12    Spells: 0 memorised, 4 levels left

rFire  x . .     SeeInvis .     a - +0 flail
rCold  + . .     Gourm    .     b - +0 scale mail
rNeg   + + +     Faith    .     c - +0 shield
rPois  ∞         Spirit   .     g - +0 helmet
rElec  .         Dismiss  .     (no cloak)
rCorr  .         Reflect  .     d - +0 pair of gloves
SustAt .         Harm     .     (no boots)
MR     .....     Rnd*Tele +     (no amulet)
Stlth  ..........               p - ring of loudness (curse)
                                l - ring of teleportation (curse)

@: not resistant to hostile enchantments, extremely unstealthy
A: no food or potions, fire vulnerability, cold resistance 1, negative energy
resistance 3, torment resistance, unbreathing
a: no special abilities


You were on level 4 of the Dungeon.
You were not hungry.

You visited 1 branch of the dungeon, and saw 4 of its levels.

You collected 182 gold pieces.

Inventory:

Hand Weapons
 a - a +0 flail (weapon)
 j - a +1 dagger of flaming
 k - a +0 spear
 s - a +0 hunting sling
 u - a +0 blowgun
Missiles
 e - 78 stones (quivered)
 m - 4 javelins
 v - 18 poisoned needles
Armour
 b - a +0 scale mail (worn)
 c - a +0 shield (worn)
 d - a +0 pair of gloves (worn)
 g - a +0 helmet (worn)
Jewellery
 l - a cursed ring of teleportation (left hand)
 p - a cursed ring of loudness (right hand)
Scrolls
 f - 2 scrolls of identify {unknown}
 h - 9 scrolls of teleportation {unknown}
 i - 2 scrolls of noise {unknown}
 n - a scroll of remove curse {unknown}
 o - 2 scrolls of enchant armour {unknown}
 q - a scroll of magic mapping {unknown}
 t - a scroll of fog {unknown}
Books
 r - a book of Alchemy

   Spells                             Type                      Level
   a - Sublimation of Blood           Necromancy                   2
   b - Ignite Poison                  Fire/Transmutation/Poison    3
   c - Condensation Shield            Ice                          4
   d - Petrify                        Transmutation/Earth          4
   e - Alistair's Intoxication        Transmutation/Poison         5
   f - Irradiate                      Conjuration/Transmutation    5


   Skills:
 * Level 6.3 Fighting
 - Level 1.5 Maces & Flails
 - Level 2.4 Armour
 - Level 2.4 Shields


You had 4 spell levels left.
You didn't know any spells.

Dungeon Overview and Level Annotations

Branches:
Dungeon (3/15)

Altars:
Kikubaaqudgha
Trog


Innate Abilities, Weirdness & Mutations

You do not eat or drink.
Your flesh is vulnerable to fire.
You are immune to poison.
Your flesh is cold resistant.
You are immune to negative energy.
You are immune to unholy pain and torment.
You can survive without breathing.


Message History

You hit the iguana but do no damage.
The iguana is severely wounded.
The iguana bites you but does no damage.
You block the iguana's attack.
You barely miss the iguana.
The iguana is severely wounded.
The iguana barely misses you.
Your shield and scale mail prevent you from hitting the iguana.
The iguana is severely wounded.
The iguana bites you.
* * * LOW HITPOINT WARNING * * *
Your shield and scale mail prevent you from hitting the iguana.
The iguana is severely wounded.
The iguana bites you.
* * * LOW HITPOINT WARNING * * *
You block the iguana's attack.
You closely miss the iguana.
The iguana is severely wounded.
The iguana bites you!
You die...

#.######## ........#
######### #.=.....#
#.......# #..#
#..#######.#####.#
#..# #..l@......#
#.#
#..###..#########
###.# #.......#
##.#.#
######.......###
#.#..#
....................
##.###
.##.#..#.#...#.....
#.# ..[.....#.#...#
.... #.######
...>....#....... ...
#......#
.............##._ ..
#..###.#


You could see an iguana.

Vanquished Creatures
  2 worker ants
  An orc wizard (D:3)
  3 adders
  2 oozes
  5 worms
  A giant gecko (D:2)
  5 orcs
  4 giant cockroaches
  9 goblins
  12 hobgoblins
  3 jackals (D:1)
  4 quokkas
  9 bats
  3 giant newts
  8 kobolds
  7 rats
78 creatures vanquished.

Notes
Turn   | Place    | Note
--------------------------------------------------------------
     0 | D:1      | Krauser the Mummy Fighter began the quest for the Orb.
     0 | D:1      | Reached XP level 1. HP: 18/18 MP: 1/1
   447 | D:1      | Reached XP level 2. HP: 21/24 MP: 2/2
   779 | D:1      | Reached skill level 4 in Fighting
  1089 | D:1      | Reached XP level 3. HP: 30/30 MP: 3/3
  1670 | D:2      | Found a bloodstained altar of Trog.
  1844 | D:2      | Found a bloodstained altar of Trog.
  2081 | D:2      | Reached XP level 4. HP: 35/38 MP: 4/4
  2102 | D:2      | Reached skill level 5 in Fighting
  2973 | D:2      | Reached XP level 5. HP: 36/46 MP: 5/5
  3189 | D:3      | Reached skill level 6 in Fighting
  3531 | D:3      | You fall through a shaft!
  3584 | D:4      | Found an ancient bone altar of Kikubaaqudgha.
  3607 | D:4      | Slain by an iguana

Vault maps used:
D:1:      elethiomel_arrival_infinity_welcomes_careful_drivers,
          grunt_decor_fettered
D:2:      old_standard_altar, trog_book
D:3:      minitemple, grunt_ministairs_12
D:4:      kennysheep_mini_moat, marbit_many_paths, grunt_temple_overflow_open,
          uniq_blork_the_orc

Action                   |  1- 3 |  4- 6 || total
-------------------------+-------+-------++-------
Melee: Flail             |   164 |   174 ||   338
